 Dungeon Crawl Stone Soup version 0.22.1-2-g9c5b331383 (webtiles) character file.

320 Mysteryquy the Cudgeler (level 6, -7/38 HPs)
             Began as a Gargoyle Fighter on Nov 13, 2018.
             Killed by divine providence
             ... invoked by an orc priest
              (13 damage)
             ... on level 4 of the Dungeon.
             The game lasted 00:02:39 (2863 turns).

Mysteryquy the Cudgeler (Gargoyle Fighter)          Turns: 2863, Time: 00:02:41

Health: -7/38      AC: 11    Str: 26    XL:     6   Next: 46%
Magic:  6/6        EV:  8    Int:  9    God:
Gold:   151        SH: 10    Dex:  9    Spells: 5/5 levels left

rFire    . . .     SeeInvis .   a - +0 flail
rCold    . . .     Gourm    .   c - +0 shield
rNeg     + . .     Faith    .   b - +0 scale mail
rPois    ∞         Spirit   .   (no helmet)
rElec    +         Reflect  .   (no cloak)
rCorr    .         Harm     .   (no gloves)
MR       .....                  (no boots)
Stlth    ..........             (no amulet)
HPRegen  0.12/turn              (no ring)
MPRegen  0.10/turn              (no ring)

@: mighty
A: negative energy resistance 1, electricity resistance, unbreathing,
petrification resistance, rot immunity, AC +4
a: no special abilities


You were on level 4 of the Dungeon.
You were hungry.

You visited 1 branch of the dungeon, and saw 4 of its levels.

You collected 151 gold pieces.

Inventory:

Hand Weapons
 a - a +0 flail (weapon)
Armour
 b - a +0 scale mail (worn)
 c - a +0 shield (worn)
Jewellery
 o - an uncursed amulet of the gourmand {unknown}
Wands
 r - a wand of disintegration (7)
 t - a wand of enslavement (12)
Scrolls
 e - a scroll of random uselessness {unknown}
 g - 4 scrolls of remove curse {unknown}
 h - 4 scrolls of identify {unknown}
 i - 2 scrolls of amnesia {unknown}
 k - a scroll of noise {unknown}
 p - a scroll of enchant weapon {unknown}
 s - a scroll of teleportation {unknown}
 u - a scroll of enchant armour {unknown}
Potions
 j - a potion of agility {unknown}
 l - a potion of resistance {unknown}
 m - 3 potions of cancellation {unknown}
 n - a potion of berserk rage {unknown}
 q - a potion of brilliance {unknown}
Comestibles
 f - 10 rations


   Skills:
 + Level 4.0 Fighting
 + Level 4.7 Maces & Flails
 + Level 4.1 Armour
 + Level 1.3 Dodging
 + Level 0.9 Stealth
 + Level 4.2 Shields


You had 5 spell levels left.
You didn't know any spells.
Your spell library was empty.

Dungeon Overview and Level Annotations

Branches:
Dungeon (4/15)
 Temple: D:4-7

Altars:
Fedhas

Annotations:
D:3 !3 runed doors, VirusNighthawk's ghost, amateur DsBe


Innate Abilities, Weirdness & Mutations

You are resistant to torment.
Your stone body is resilient. (AC +4)
You are immune to poison.
You resist negative energy. (rN+)
You are resistant to electric shocks. (rElec)
You can survive without breathing.
You are immune to petrification.
You are immune to rotting.


Message History

The hound barely misses you.
You are too injured to fight recklessly!
You are too injured to fight recklessly!
You sock the hound!
You kill the hound!
You block the hound's attack. x2
The hound bites you.
* * * LOW HITPOINT WARNING * * *
You block the hound's attack.
You see here a hound corpse.
You closely miss the hound. The hound barely misses you.
You sock the hound!
You kill the hound!
You closely miss the orc priest. You block the orc priest's attack.
The orc hits you but does no damage.
The orc wizard mumbles some strange words.
The orc wizard blinks!
The orc priest invokes the aid of Beogh against you.
Beogh smites you!
You die...

#######
################.##..####
.................#......###
....>...........@.##......###
##.##############oo###......###
# ### ##...###...o..###
###.....#....o.o.
#....§.###...####
######.....### ##..### #..#
#.##


You could see an orc priest and an orc.

Vanquished Creatures
  An ogre (D:3)
  A howler monkey (D:4)
  3 hounds (D:4)
  3 adders
  3 oozes
  3 worms
  2 leopard geckos (D:1)
  A bat skeleton (D:2)
  5 giant cockroaches
  5 goblins
  8 hobgoblins
  2 quokkas
  2 ball pythons
  9 bats
  4 frilled lizards
  6 kobolds
  5 rats
63 creatures vanquished.

Notes
Turn   | Place    | Note
-------+----------+-------------------------------------------
     0 | D:1      | Mysteryquy the Gargoyle Fighter began the quest for the
                  | Orb.
     0 | D:1      | Reached XP level 1. HP: 14/14 MP: 1/1
   196 | D:1      | Reached XP level 2. HP: 15/19 MP: 2/2
   656 | D:1      | Reached XP level 3. HP: 23/23 MP: 3/3
  1650 | D:2      | Reached XP level 4. HP: 29/29 MP: 4/4
  2084 | D:3      | Found a runed gate.
  2087 | D:3      | Found a runed gate.
  2088 | D:3      | Found a runed gate.
  2220 | D:3      | Noticed VirusNighthawk's ghost (amateur DsBe)
  2549 | D:4      | Found a blossoming altar of Fedhas.
  2549 | D:4      | Noticed an ogre
  2557 | D:3      | Killed an ogre
  2557 | D:3      | Reached XP level 5. HP: 28/33 MP: 5/5
  2771 | D:4      | Reached skill level 1 in Dodging
  2783 | D:4      | Reached XP level 6. HP: 38/38 MP: 6/6
  2863 | D:4      | Killed from afar by an orc priest

Skill      XL: |  1  2  3  4  5 |
---------------+----------------+-----
Maces & Flails | 3 4 |  4.7
Fighting       | 4 |  4.0
Dodging        | 1 |  1.3
Armour         | 4 |  4.1
Shields        | 4 |  4.2
Stealth        | |  0.9

Action                   |  1- 3 |  4- 6 || total
-------------------------+-------+-------++-------
Melee: Flail             |   131 |   152 ||   283
  Use: Potion            |       |     1 ||     1
  Eat: Chunk             |     1 |     5 ||     6
Armor: Scale mail        |    73 |   107 ||   180
Dodge: Dodged            |    36 |    68 ||   104
Block: Shield            |    73 |    98 ||   171
